 Dungeon Crawl Stone Soup version 0.29-a0-648-g6b26cc9f40 (webtiles) character file.

Game seed: 7841242034690069848

1563 frimble the Sneak (level 8, 0/50 HPs)
             Began as an Octopode Warper on June 20, 2022.
             Was an Initiate of Cheibriados.
             Slain by a sky beast (5 damage)
             ... on level 7 of the Dungeon.
             The game lasted 00:09:08 (7868 turns).

frimble the Sneak (Octopode Warper)                 Turns: 7868, Time: 00:09:09

Health: 0/50       AC:  3    Str: 11    XL:     8   Next: 89%
Magic:  8/11       EV: 13    Int: 17    God:    Cheibriados [......]
Gold:   267        SH:  6    Dex: 14    Spells: 9/11 levels left

rFire   . . .      SeeInvis .   b - +1 fustibalus (vorpal)
rCold   . . .      Faith    .   r - +1 buckler
rNeg    . . .      Spirit   .   t - +2 hat
rPois   .          Reflect  .   g - amulet of the acrobat
rElec   .          Harm     .   l - ring of resist corrosion
rCorr   +          Rampage  .   (no ring)
Will    .....                   (no ring)
Stlth   ++++......              (no ring)
HPRegen 0.16/turn               (no ring)
MPRegen 0.12/turn               (no ring)
                                (no ring)
                                (no ring)

@: on blink cooldown, very slow
A: almost no armour, amphibious, 8 rings, camouflage 1, gelatinous body 1,
(nimble swimmer 1), tentacles
a: Renounce Religion


You were on level 7 of the Dungeon.
You worshipped Cheibriados.
Cheibriados was noncommittal.
You visited 2 branches of the dungeon, and saw 8 of its levels.

You collected 267 gold pieces.

Inventory:

Hand Weapons
 b - a +1 vorpal fustibalus (weapon)
Missiles
 c - 7 boomerangs of dispersal
 e - 5 curare-tipped darts
 i - 6 boomerangs
 m - 13 poisoned darts
Armour
 r - a +1 buckler (worn)
 t - a +2 hat (worn)
Jewellery
 g - an amulet of the acrobat (around mantle)
 l - a ring of resist corrosion (left tentacle)
Wands
 a - a wand of iceblast (4)
 u - a wand of quicksilver (6)
Scrolls
 j - a scroll of magic mapping
 k - 2 scrolls of immolation
 p - a scroll of blinking
 q - a scroll of enchant weapon {unknown}
 v - a scroll of noise {unknown}
 x - a scroll of identify
 y - a scroll of teleportation
Potions
 d - a potion of mutation
 f - a potion of ambrosia
 h - 2 potions of haste
 n - 4 potions of berserk rage
 o - 2 potions of curing {unknown}
 s - 3 potions of flight {unknown}
 w - 2 potions of attraction {unknown}


   Skills:
 - Level 2.0 Fighting
 + Level 4.7(5.3) Short Blades
 - Level 3.5(4.7) Long Blades
 + Level 4.7(5.1) Slings
 - Level 2.6(4.0) Throwing
 - Level 2.3 Dodging
 - Level 6.1 Stealth
 + Level 4.7 Shields
 - Level 2.0 Spellcasting
 - Level 3.0 Translocations
 + Level 2.5 Evocations


You had 9 spell levels left.
You knew the following spells:

 Your Spells              Type           Power      Damage    Failure   Level
a - Blink                 Tloc           22%        N/A       11%         2

Your spell library contained the following spells:

 Spells                   Type           Power      Damage    Failure   Level
 Gell's Gravitas          Tloc           11%        N/A       22%         3
 Lesser Beckoning         Tloc           11%        N/A       22%         3
 Teleport Other           Tloc           11%        N/A       22%         3
 Static Discharge         Conj/Air       1%         N/A       36%         2
 Manifold Assault         Tloc           11%        N/A       89%         5
 Dispel Undead            Necr           1%         3d6       94%         4
 Sticky Flame             Conj/Fire      1%         2d3       94%         4
 Dispersal                Tloc           5%         N/A       100%        6
 Storm Form               Tmut/Air       0%         N/A       100%        7


Dungeon Overview and Level Annotations

Branches:
Dungeon (7/15)             Temple (1/1) D:5

Altars:
Ashenzari
Cheibriados
Dithmenos
Elyvilon
Fedhas
Gozag
Hepliaklqana
Kikubaaqudgha
Makhleb
Nemelex Xobeh
Okawaru
Qazlal
Ru
Sif Muna
Trog
Uskayaw
Vehumet
Wu Jian
Xom
Yredelemnul
Zin
The Shining One


Innate Abilities, Weirdness & Mutations

You cannot wear most types of armour.
You are amphibious.
You can wear up to eight rings at the same time.
Your skin changes colour to match your surroundings (Stealth+).
Your rubbery body absorbs attacks. (AC +1, EV +1)
((You are camouflaged when in or above water. (Stealth+)))
You have tentacles for arms and can constrict up to eight enemies at once.


Message History

Aim: a sky beast (60% to hit)
The bolt of dispelling energy misses the water moccasin.
The bolt of dispelling energy hits the sky beast!
The sky beast is heavily wounded.
You feel sick.
The water moccasin bites you but does no damage.
Aiming: Iceblast
Press: ? - help, Shift-Dir - straight line, p - sky beast The mass of ice explodes!
The iceblast engulfs the water moccasin!
You kill the water moccasin!
Cheibriados appreciates the change of pace.
You feel stable enough to blink again.
You feel sick.
The sky beast flickers out of sight!
Deactivating autopickup; reactivate with Ctrl-A.
Fire: b) +1 fustibalus (vorpal)
Press: ? - help, Q - select action, (/) - cycle Shift-Dir - straight line You shoot a sling bullet.
You feel sick.
You feel sick.
Fire: b) +1 fustibalus (vorpal)
Press: ? - help, Q - select action, (/) - cycle Shift-Dir - straight line You shoot a sling bullet.
You feel sick. Something hits you.
* * * LOW HITPOINT WARNING * * *
Something shocks you.
* * * LOW HITPOINT WARNING * * *
Casting: Blink (safe; 11% risk of failure)
Confirm with . or Enter, or press ? or * to list all spells.
You blink.
You feel sick.
Fire: b) +1 fustibalus (vorpal)
Press: ? - help, Q - select action, (/) - cycle Shift-Dir - straight line You shoot a sling bullet.
You feel sick.
You are no longer poisoned.
Something hits you.
* * * LOW HITPOINT WARNING * * *
Something shocks you.
You die...

..≈.≈.......)....#
..≈.≈.......######
..≈≈≈.......# .)..........#
............# ............#
#### ..###.......########
###≈... ..#≈#..............#
≈≈≈...≈ ..#≈#...........@..##
≈≈≈≈≈≈≈ ..#≈#...............#
≈≈≈≈≈≈≈
...≈................####..≈..Y≈
...≈.)...................#
...≈..................†.##
########...........######
#...........# #...........#
#############


There were no monsters in sight!

Vanquished Creatures
  A troll (D:5)
  Eustachio (D:5)
  A water moccasin (D:7)
  2 ogres
  A sky beast (D:7)
  A phantom (D:6)
  A bullfrog (D:6)
  A gnoll sergeant (D:4)
  2 necrophages
  A scorpion (D:7)
  3 orc priests
  A gnoll shaman (D:7)
  Ijyb (D:5)
  An iguana (D:6)
  2 orc wizards
  12 gnolls
  6 adders
  3 ufetubi
  3 worms
  A dart slug (D:1)
  10 orcs
  6 ball pythons
  3 endoplasms
  3 giant cockroaches
  3 goblins
  6 hobgoblins
  7 bats
  5 frilled lizards
  5 kobolds
  8 rats
101 creatures vanquished.

Notes
Turn   | Place    | Note
-------+----------+-------------------------------------------
     0 | D:1      | frimble the Octopode Warper began the quest for the Orb.
     0 | D:1      | Reached XP level 1. HP: 14/14 MP: 3/3
   108 | D:1      | Reached skill level 1 in Stealth
   313 | D:1      | Reached XP level 2. HP: 13/19 MP: 5/5
  1433 | D:2      | Reached skill level 2 in Stealth
  1581 | D:2      | Reached XP level 3. HP: 13/24 MP: 6/6
  2315 | D:3      | Reached skill level 3 in Stealth
  2315 | D:3      | Reached XP level 4. HP: 9/29 MP: 7/7
  2318 | D:3      | Learned a level 2 spell: Blink
  3127 | D:3      | Reached XP level 5. HP: 11/34 MP: 5/8
  3406 | D:3      | Found a faded altar of an unknown god.
  3766 | D:4      | Reached skill level 4 in Stealth
  4086 | D:4      | Reached skill level 1 in Short Blades
  4086 | D:4      | Reached skill level 1 in Slings
  4086 | D:4      | Reached skill level 1 in Shields
  4086 | D:4      | Reached XP level 6. HP: 37/39 MP: 9/9
  4439 | D:5      | Entered Level 5 of the Dungeon
  4489 | D:5      | Reached skill level 5 in Stealth
  4584 | D:5      | Noticed Eustachio
  5098 | D:6      | Reached XP level 7. HP: 45/45 MP: 10/10
  5771 | D:6      | Found a hazy altar of Hepliaklqana.
  5930 | D:6      | Reached skill level 6 in Stealth
  6283 | D:5      | Killed Eustachio
  6581 | D:5      | Reached XP level 8. HP: 37/50 MP: 11/11
  6723 | D:5      | Noticed a troll
  6729 | D:5      | Killed a troll
  6861 | D:5      | Found a staircase to the Ecumenical Temple.
  6862 | D:5      | Noticed Ijyb
  6870 | D:5      | Killed Ijyb
  6871 | D:5      | Reached skill level 1 in Evocations
  6880 | Temple   | Entered the Ecumenical Temple
  7154 | Temple   | Became a worshipper of Cheibriados the Contemplative
  7868 | D:7      | Slain by a sky beast

Illustrated notes

Levels and vault maps discovered:
D:1:      dpeg_arrival_another_circle, layout_basic
D:2:      layout_basic, minmay_quantized
D:3:      layout_rooms, shapermc_ecumenical_altar_pompeii
D:4:      layout_basic, lightli_minifort
D:5:      layout_rooms, minmay_temple_entry_fiery, uniq_eustachio, uniq_ijyb
D:6:      layout_basic, nicolae_hepliaklqana_hippocampus
D:7:      layout_basic, serial_rivers, chequers_serial_rivers_room_b,
          chequers_serial_rivers_micro_a, chequers_serial_rivers_micro_d,
          chequers_serial_rivers_small_3, chequers_serial_rivers_micro_b
Temple:   roderic_octagonal_lattice_temple

Skill      XL: |  1  2  3  4  5  6  7  8 |
---------------+-------------------------+-----
Stealth        | 1 2 3 4 5 6 |  6.1
Long Blades    | 3 |  3.5
Throwing       | 2 |  2.6
Short Blades   | 1 2 3 4 |  4.7
Slings         | 1 2 3 4 |  4.7
Shields        | 1 2 3 4 |  4.7
Evocations     | 2 |  2.5
Fighting       | |  2.0
Dodging        | |  2.3
Spellcasting   | |  2.0
Translocations | |  3.0

Action                   |  1- 3 |  4- 6 |  7- 9 || total
-------------------------+-------+-------+-------++-------
Melee: Falchion          |    70 |    31 |       ||   101
       Constrict         |    16 |    12 |     7 ||    35
       Tentacles         |    11 |    22 |     7 ||    40
       Punch             |     2 |     1 |       ||     3
       Dagger            |       |    35 |    39 ||    74
 Fire: Fustibalus        |       |    79 |    61 ||   140
Throw: Dart              |       |     9 |     4 ||    13
 Cast: Blink             |       |     1 |     6 ||     7
Evoke: Wand              |       |       |    10 ||    10
  Use: Scroll            |     3 |     7 |     3 ||    13
       Potion            |       |     1 |       ||     1
 Stab: Sleeping          |    11 |     2 |     4 ||    17
Armor: Skin              |     3 |    13 |     6 ||    22
Dodge: Dodged            |    33 |    44 |    31 ||   108

Table legend: (Time is in decaauts)
 A = Elapsed time spent in this place.
 B = Non-inter-level travel time spent in this place.
 C = Inter-level travel time spent in this place.
 D = Time resting spent in this place.
 E = Time spent auto-exploring this place.
 F = Levels seen in this place.
 G = Mean time per level.
                   A        B        C        D        E       F      G
               +--------+--------+--------+--------+--------+-----+--------+
         Total |   7994 |   7539 |    455 |    978 |   5630 |   8 |  999.2 |
       Dungeon |   7699 |   7273 |    426 |    978 |   5387 |   7 | 1099.9 |
        Temple |    294 |    265 |     29 |      0 |    243 |   1 |  294.0 |
               +--------+--------+--------+--------+--------+-----+--------+

Top non-repeatable levels by time:
     D:6: 1468 daAuts
     D:1: 1422 daAuts
     D:3: 1115 daAuts
     D:4: 1046 daAuts
     D:7: 917 daAuts
     D:2: 897 daAuts
     D:5: 831 daAuts
  Temple: 294 daAuts
